 Dungeon Crawl Stone Soup version 0.25.1-2-g60ff931df9 (webtiles) character file.

Game seed: 1671971571294671167

12498 KittyFluff the Basher (level 11, -19/148 HPs)
             Began as a Red Draconian Berserker on Nov 14, 2020.
             Was a High Priest of Trog.
             Killed from afar by a raiju (23 damage)
             ... with a living lightning
             ... on level 3 of the Abyss.
             The game lasted 01:13:10 (14477 turns).

KittyFluff the Basher (Red Draconian Berserker)    Turns: 14477, Time: 01:13:11

Health: -19/148    AC: 17    Str: 21    XL:     11   Next: 63%
Magic:  0/20       EV: 19    Int:  7    God:    Trog [*****.]
Gold:   846        SH:  0    Dex: 19    Spells: 10/10 levels left

rFire    + . .     SeeInvis .   a - +4 flail (protect)
rCold    . . .     Gourm    .   (no shield)
rNeg     . . .     Faith    .   (armour unavailable)
rPois    .         Spirit   +   n - +1 hat
rElec    .         Reflect  .   u - +0 cloak
rCorr    .         Harm     .   O - +0 pair of gloves
MR       .....                  (no boots)
Stlth    ..........             e - amulet of guardian spirit
HPRegen  0.34/turn              M - +6 ring of dexterity
MPRegen  0.17/turn              H - ring of magical power

@: berserking, lethally poisoned (-19 -> -21), protection aura, very quick
A: breathe fire, unfitting armour, fire resistance 1, cold-blooded, AC +7
a: Breathe Fire, Berserk, Trog's Hand, Brothers in Arms, Renounce Religion


You were on level 3 of the Abyss.
You worshipped Trog.
Trog was extremely pleased with you.
You were very hungry.

You visited 1 branch of the dungeon, and saw 10 of its levels.
You visited the Abyss 1 time.
You also visited: Ossuary and Bailey.

You collected 846 gold pieces.

Inventory:

Hand Weapons
 a - a +4 flail of protection (weapon)
 c - a +0 hand crossbow
 g - a +2 flail of draining
 B - a +3 quarterstaff of chaos
 L - a +1 war axe of electrocution
 P - a +5 battleaxe of flaming
 R - the +1 short sword of Soiziun {freeze, rN+ MR+ Dex+3}
   (You found it on level 9 of the Dungeon)

   It has been specially enchanted to freeze those struck by it, causing extra
   injury to most foes and up to half again as much damage against particularly
   susceptible opponents.
   It can also slow down cold-blooded creatures.
   It affects your dexterity (+3).
   It protects you from negative energy.
   It affects your resistance to hostile enchantments.
Missiles
 d - 89 bolts
 p - 21 poisoned darts
 s - 39 sling bullets
 I - 29 boomerangs (quivered)
Armour
 n - a +1 hat (worn)
 u - a +0 cloak (worn)
 C - a +0 cloak
 G - a +0 pair of gloves
 O - a +0 pair of gloves (worn)
Jewellery
 e - an amulet of guardian spirit (around neck)
 H - a ring of magical power (right hand)
 M - a +6 ring of dexterity (left hand)
Wands
 k - a wand of polymorph (18)
 w - a wand of flame (24)
 J - a wand of digging (2)
 Q - a wand of disintegration (16)
Scrolls
 h - 8 scrolls of remove curse
 i - a scroll of noise {unknown}
 o - 3 scrolls of fog
 q - a scroll of fear
 y - a scroll of enchant armour
 E - a scroll of immolation
 K - 3 scrolls of teleportation
Potions
 f - 11 potions of curing
 j - 4 potions of flight
 l - 2 potions of ambrosia
 m - a potion of brilliance {unknown}
 t - a potion of haste
 v - 4 potions of stabbing
 x - a potion of might
 z - a potion of lignification
 A - a potion of resistance
 F - a potion of magic
Comestibles
 b - 14 rations


   Skills:
 + Level 10.1 Fighting
 + Level 12.1 Maces & Flails
   Level 3.5(4.2) Slings
 + Level 2.2 Crossbows
 + Level 3.2(4.0) Throwing
 + Level 8.2 Dodging
 + Level 4.6 Stealth


You had 10 spell levels left.
You didn't know any spells.
Your spell library was empty.

Dungeon Overview and Level Annotations

Branches:
Dungeon (10/15)            Temple (0/1) D:6            Lair (0/6) D:9
Ossuary (visited)          Bailey (visited)
    Orc: D:9-12

Altars:
Hepliaklqana
Qazlal
Ru
Sif Muna
Uskayaw
Xom
Zin

Shops:
D:5 !


Innate Abilities, Weirdness & Mutations

You can breathe blasts of fire.
Your fiery red scales are hard. (AC +7)
You cannot fit into any form of body armour.
Your flesh is heat resistant. (rF+)
You are cold-blooded and may be slowed by cold attacks.


Message History

The guardian serpent is severely wounded.
The ice dragon simulacrum completely misses you.
The ice dragon simulacrum claws you but does no damage.
The ice dragon simulacrum closely misses you.
You sock the guardian serpent!
You kill the guardian serpent!
Trog accepts your kill.
Trog appreciates your killing of a magic user.
A raiju comes into view.
The raiju barks!
You hit the ice dragon simulacrum but do no damage.
The ice dragon simulacrum is severely damaged.
You feel sick.
You hear a bark! x3; You hear a shout!
You hit the ice dragon simulacrum.
Your tail-slap misses the ice dragon simulacrum.
The ice dragon simulacrum is severely damaged.
The raiju bursts into living lightning!
The living lightning misses you. The living lightning hits you!!
You die...

...# #..#..
...... #....#
.. ..... ###
..
#.#.###@#.#.#
.
#.#..)Zh...#
# #..##.#..##
##..#.##
.##.....
...#.Z .##
.##.# ####.#
N#... .## .
#... .S. .#
.# #... #..#
..# #N #.###
# # ..


You could see a raiju and an ice dragon simulacrum.

Vanquished Creatures
  A tentacled starspawn (Abyss:3)
  Erolcha (D:9)
  A shadow wraith (Abyss:3)
  2 orc knights
  2 ugly things
  2 large abominations (Abyss:3)
  A guardian serpent (Abyss:3)
  A gargoyle (D:10)
  A hippogriff (D:9)
  The ghost of dan0san the Cudgeler, an amateur GrMo of Fedhas (D:5)
  Sigmund (D:2)
  A wraith (Abyss:3)
  A vampire (D:8)
  2 wyverns (D:9)
  A black mamba zombie (Abyss:3)
  A human (D:7)
  A yak (D:9)
  A basilisk (D:9)
  Eustachio (D:6)
  4 hogs (D:7)
  A steam dragon (D:9)
  Edmund (D:5)
  A naga (Abyss:3)
  Purgy (D:3)
  4 orc warriors
  3 phantoms
  3 sky beasts
  8 ogres
  A crocodile (D:9)
  2 bullfrogs
  A big kobold (D:9)
  Blork the orc (D:4)
  A water moccasin zombie (D:6)
  2 scorpions
  6 killer bees (D:7)
  3 howler monkeys (D:10)
  6 electric eels (D:8)
  4 crimson imps
  A bullfrog zombie (D:5)
  2 jellies
  3 quasits
  Crazy Yiuf (D:5)
  3 orc priests
  A hound (D:8)
  4 orc wizards
  3 bullfrog skeletons
  An iron imp (Abyss:3)
  Jessica (D:2)
  6 worker ants
  A big kobold zombie (Ossuary)
  A hound zombie (D:5)
  A hound skeleton (D:7)
  8 mummies (Ossuary)
  Robin (D:4)
  2 worker ant zombies (D:6)
  2 gnolls
  9 adders
  An ooze (D:1)
  3 adder zombies
  An adder skeleton (D:4)
  A worm (D:4)
  2 dart slugs
  4 leopard geckos
  36 orcs
  A ball python (D:5)
  2 giant cockroaches (D:3)
  3 gnoll zombies (Ossuary)
  7 hobgoblins
  23 jackals
  17 kobolds
  3 quokkas
  7 bats
  8 frilled lizards
  26 goblins
  2 hobgoblin zombies (Ossuary)
  A jackal skeleton (D:5)
  A kobold zombie (Ossuary)
  A leopard gecko zombie (D:6)
  An orc zombie (Ossuary)
  9 rats
287 creatures vanquished.

Vanquished Creatures (others)
  A plant (D:8)
  2 starspawn tentacles (Abyss:3)
3 creatures vanquished.

Grand Total: 290 creatures vanquished

Notes
Turn   | Place    | Note
-------+----------+-------------------------------------------
     0 | D:1      | KittyFluff the Draconian Berserker began the quest for the
                  | Orb.
     0 | D:1      | Reached XP level 1. HP: 19/19 MP: 1/1
   303 | D:1      | Reached XP level 2. HP: 23/26 MP: 2/2
  1036 | D:1      | Reached XP level 3. HP: 32/33 MP: 3/3
  1064 | D:1      | Reached ** piety under Trog
  1596 | D:2      | Found a sacrificial altar of Ru.
  1787 | D:2      | Noticed Jessica
  1800 | D:2      | Killed Jessica
  1800 | D:2      | Reached skill level 4 in Maces & Flails
  1800 | D:2      | Reached XP level 4. HP: 18/40 MP: 1/4
  2061 | D:2      | Noticed Sigmund
  2074 | D:2      | Killed Sigmund
  2074 | D:2      | Reached skill level 5 in Maces & Flails
  2074 | D:2      | Reached skill level 1 in Stealth
  2074 | D:2      | Reached XP level 5. HP: 45/47 MP: 3/5
  2382 | D:3      | Noticed Purgy
  2402 | D:3      | Killed Purgy
  2402 | D:3      | Reached XP level 6. HP: 19/53 MP: 2/6
  3023 | D:3      | Found a hazy altar of Hepliaklqana.
  3242 | D:3      | Reached *** piety under Trog
  3925 | D:4      | Reached skill level 5 in Fighting
  3925 | D:4      | Reached skill level 6 in Maces & Flails
  3925 | D:4      | Your scales start taking on a fiery red colour.
  3925 | D:4      | Reached XP level 7. HP: 61/61 MP: 7/7
  3925 | D:4      | Gained mutation: Your flesh is heat resistant. (rF+) [Red
                  | Draconian growth]
  4119 | D:4      | Noticed Robin
  4124 | D:4      | Killed Robin
  4340 | D:4      | Noticed Blork the orc
  4729 | D:4      | Found a shimmering blue altar of Sif Muna.
  4786 | D:4      | Killed Blork the orc
  4811 | D:5      | Entered Level 5 of the Dungeon
  4811 | D:5      | Noticed Edmund
  4954 | D:5      | Found a transporter.
  5117 | D:5      | Found a transporter.
  5118 | D:5      | Noticed dan0san's ghost (amateur GrMo)
  5240 | D:5      | Found a runed translucent door.
  5241 | D:5      | Noticed Crazy Yiuf
  5291 | D:5      | Killed Crazy Yiuf
  5401 | D:5      | Reached skill level 1 in Slings
  5502 | D:5      | Found Voeholahyj's Distillery.
  5769 | D:5      | Killed Edmund
  5769 | D:5      | Reached XP level 8. HP: 47/70 MP: 3/8
  6165 | D:5      | Killed dan0san's ghost
  6165 | D:5      | Reached skill level 7 in Maces & Flails
  6173 | D:5      | Reached skill level 5 in Dodging
  6514 | D:6      | Found a staircase to the Ecumenical Temple.
  6735 | D:6      | Reached **** piety under Trog
  6827 | D:6      | Noticed Eustachio
  6852 | D:6      | Killed Eustachio
  6852 | D:6      | Reached skill level 8 in Maces & Flails
  7321 | D:6      | Reached XP level 9. HP: 78/78 MP: 9/9
  7545 | D:7      | Found a sand-covered staircase.
  7553 | Ossuary  | Entered an ossuary
  8066 | D:7      | Reached skill level 9 in Maces & Flails
  8083 | D:7      | Found a flagged portal.
  8096 | Bailey   | Entered a bailey
  8355 | Bailey   | Noticed an orc knight
  8375 | Bailey   | Killed an orc knight
  8817 | Bailey   | Found a bloodstained altar of Trog.
  8964 | D:7      | Reached ***** piety under Trog
  9213 | D:7      | Found a glowing silver altar of Zin.
  9428 | D:7      | Reached XP level 10. HP: 54/90 MP: 7/10
 10213 | D:8      | Reached skill level 10 in Maces & Flails
 10361 | D:8      | Received a gift from Trog
 10633 | D:8      | Found a shimmering altar of Xom.
 10791 | D:8      | Reached skill level 1 in Throwing
 11904 | D:9      | Found a staircase to the Lair.
 11917 | D:9      | Reached skill level 1 in Crossbows
 12187 | D:9      | Got a scorched short sword
 12188 | D:9      | Identified the cursed +1 short sword of Soiziun {freeze,
                  | rN+ MR+ Dex+3} (You found it on level 9 of the Dungeon)
 12269 | D:9      | Found a stormy altar of Qazlal.
 12282 | D:9      | Noticed Erolcha
 12323 | D:9      | Killed Erolcha
 12651 | D:9      | Found a hide-covered altar of Uskayaw.
 12836 | D:10     | Entered Level 10 of the Dungeon
 12868 | D:10     | Noticed a purple ugly thing
 12874 | D:10     | Noticed a white ugly thing
 12888 | D:9      | Killed a purple ugly thing
 12888 | D:9      | Reached skill level 11 in Maces & Flails
 13190 | D:10     | Noticed a gargoyle
 13204 | D:10     | Killed a gargoyle
 13204 | D:10     | Reached XP level 11. HP: 64/97 MP: 11/11
 13350 | D:10     | Noticed an orc knight
 13351 | D:10     | Noticed a deep elf knight
 13380 | D:10     | Killed an orc knight
 13534 | D:10     | Killed a white ugly thing
 13642 | D:10     | Noticed a wizard
 13934 | D:10     | Cast into level 3 of the Abyss (a wizard)
 13960 | Abyss:3  | Noticed a tentacled starspawn
 14348 | Abyss:3  | Noticed a tentacled starspawn
 14364 | Abyss:3  | Killed a tentacled starspawn
 14371 | Abyss:3  | Reached skill level 10 in Fighting
 14382 | Abyss:3  | Killed a shadow wraith
 14382 | Abyss:3  | Reached skill level 12 in Maces & Flails
 14444 | Abyss:3  | Noticed a naga warrior
 14473 | Abyss:3  | HP: 4/148 [guardian serpent (6)]
 14477 | Abyss:3  | Killed from afar by a raiju

Illustrated notes

Levels and vault maps discovered:
D:1:      erik_arrival_orb_chamber, layout_basic, serial_forest,
          infiniplex_forest_clump_tiny, infiniplex_forest_end_2,
          infiniplex_forest_clump_small, infiniplex_forest_end_2,
          infiniplex_forest_fountain, infiniplex_forest_end_2,
          infiniplex_forest_lined_corner
D:2:      layout_loops_ring, hangedman_ru_absence, uniq_sigmund, uniq_jessica
D:3:      layout_basic, overflow_temple_1_default, first_ration, uniq_purgy
D:4:      kennysheep_goblin_castle, layout_basic, tgw_sif
D:5:      layout_rooms, gammafunk_ghost_mausoleum, serial_shops, shop,
          kennysheep_generic_room_8, uniq_edmund, uniq_crazy_yiuf_cottage
D:6:      layout_basic, minmay_temple_entry_stoned_glass, kennysheep_dice,
          uniq_eustachio
D:7:      layout_loops_ring, zin_academy, enter_bailey_2, enter_ossuary_5,
          grunt_livestock
D:8:      cheibrodos_two_vegetables, layout_basic, tgw_xom
D:9:      layout_long_grid, lemuel_doored_altar, overflow_temple_1_default,
          david_lair_generic, kennysheep_generic_room_12, uniq_erolcha
D:10:     layout_grid_maze, st_stairs_9, sword_in_stone
Abyss:3:  base: D:8, evilmike_abyss_exit_14, hangedman_abyss_sting,
          hangedman_shadowy_showcase,
          evilmike_nicolae_abyss_rune_betentacled_crabyss

Skill      XL: |  1  2  3  4  5  6  7  8  9 10 11 |
---------------+----------------------------------+-----
Fighting       | 4 5 6 8 9 10 | 10.1
Dodging        | 3 4 5 6 7 8 |  8.2
Maces & Flails | 4 5 6 8 9 11 12 | 12.1
Stealth        | 1 2 3 4 |  4.6
Slings         | 1 2 3 |  3.5
Throwing       | 2 3 |  3.2
Crossbows      | 2 |  2.2

Action                   |  1- 3 |  4- 6 |  7- 9 | 10-12 || total
-------------------------+-------+-------+-------+-------++-------
Melee: Mace              |   107 |   125 |   237 |       ||   469
       Tailslap          |    15 |    19 |    87 |    70 ||   191
       Flail             |       |       |   281 |   307 ||   588
       War axe           |       |       |       |    18 ||    18
 Fire: Hunting sling     |       |       |    40 |       ||    40
       Hand crossbow     |       |       |       |    19 ||    19
Throw: Stone             |       |     4 |    11 |       ||    15
       Boomerang         |       |       |       |    45 ||    45
Invok: Berserk           |       |     1 |     4 |     2 ||     7
       Trog's Hand       |       |       |       |     1 ||     1
 Abil: Breathe Fire      |       |       |     4 |     6 ||    10
  Use: Scroll            |     2 |     4 |     8 |     5 ||    19
       Potion            |       |       |     3 |     2 ||     5
 Stab: Sleeping          |       |       |     6 |       ||     6
  Eat: Chunk             |     3 |     6 |    16 |    16 ||    41
       Ration            |       |       |     2 |     1 ||     3
Armor: Skin              |    40 |    33 |   184 |    92 ||   349
Dodge: Dodged            |    73 |    94 |   430 |   253 ||   850
